 Dungeon Crawl Stone Soup version 0.17.0-24-gcfadda4 (webtiles) character file.

364 TruthSerum the Ruffian (level 6, 0/62 HPs)
             Began as a Troll Monk on Nov 15, 2015.
             Slain by a shadow imp (3 damage)
             ... summoned by Eustachio
             ... on level 4 of the Dungeon.
             The game lasted 00:11:17 (2586 turns).

TruthSerum the Ruffian (Troll Monk)                 Turns: 2586, Time: 00:11:17

Health: 0/62       AC:  6    Str: 25      XL:     6   Next: 39%
Magic:  5/5        EV: 11    Int:  6      God:
Gold:   145        SH:  0    Dex: 12 (14) Spells: 0 memorised, 5 levels left

rFire  . . .     SeeInvis .       - Unarmed
rCold  . . .     Clarity  .     a - +1 robe
rNeg   . . .     SustAt   .     (no shield)
rPois  .         Gourm    +     (helmet restricted)
rElec  .         Spirit   .     (no cloak)
rCorr  .         Warding  .     (gloves unavailable)
rMut   .         Stasis   .     (boots unavailable)
MR     .....                    (no amulet)
Stlth  +.........               (no ring)
                                (no ring)

@: mighty, not resistant to hostile enchantments, very unstealthy
A: unfitting armour, claws 3, fast metabolism 3, gourmand, regeneration 2,
shaggy fur 1, tough skin 2
a: no special abilities


You were on level 4 of the Dungeon.
You were completely stuffed.

You visited 1 branch of the dungeon, and saw 4 of its levels.

You collected 145 gold pieces.

Inventory:

Armour
 a - a +1 robe (worn)
Wands
 r - a wand of hasting (3)
Scrolls
 c - a scroll of blinking
 h - 2 scrolls of teleportation
Potions
 e - 3 potions of haste {unknown}
 i - 2 potions of degeneration {unknown}
 j - a potion of might
 l - a potion of invisibility {unknown}
 n - a potion of heal wounds {unknown}
 o - 2 potions of agility {unknown}
 q - a potion of lignification {unknown}
Comestibles
 b - 3 bread rations
 g - 2 fruits
 m - 2 slices of pizza
 t - 2 chunks of flesh


   Skills:
 + Level 3.9 Fighting
 + Level 3.9 Dodging
 - Level 1.1 Stealth
 + Level 5.6 Unarmed Combat


You had 5 spell levels left.
You didn't know any spells.

Dungeon Overview and Level Annotations

Branches:
Dungeon (4/15)
 Temple: D:4-7

Altars:

Annotations:
D:4 Eustachio


Innate Abilities, Weirdness & Mutations

You are too large for most types of armour.
You have claws for hands.
Your metabolism is lightning-fast.
You like to eat raw meat.
You heal very quickly.
You are covered in fur (AC +1).
You have very tough skin (AC +2).


Message History

Eustachio closely misses you. The quasit bites you.
* * * LOW HITPOINT WARNING * * *
You feel clumsy.
The quasit claws you but does no damage.
The quasit misses you.
You scratch Eustachio but do no damage.
Eustachio is moderately wounded.
The river rat misses you. The shadow imp closely misses you.
The river rat bites you.
* * * LOW HITPOINT WARNING * * *
The crimson imp misses you. Eustachio closely misses you. The quasit bites you.
* * * LOW HITPOINT WARNING * * *
The quasit claws you but does no damage.
The quasit closely misses you.
You scratch Eustachio.
Eustachio is heavily wounded.
The river rat bites you.
* * * LOW HITPOINT WARNING * * *
The shadow imp hits you.
You die...

#.......##.#....... ####
#.......##.........
#.!.##.......####......>
..........#.............
............######....#.
..............## #.#.##
...........##..###.#.#
......r5..####...)...#
...#.@@r## ###.......#
#.S!.55# #........
####...# ####..#.# #...#
...... #[... ...###
##.... .#... #.##. .....
..# ..


You could see Eustachio, a quasit, a crimson imp, an adder, 2 river rats and a
shadow imp.

Vanquished Creatures
  Sigmund (D:4)
  Terence (D:2)
  Natasha (thrice) (D:2)
  Robin (D:2)
  5 adders
  4 worms
  4 giant geckos
  2 orcs (D:3)
  A giant cockroach (D:3)
  16 goblins
  10 hobgoblins
  9 kobolds
  9 bats
  5 giant newts
  6 rats
77 creatures vanquished.

Notes
Turn   | Place    | Note
--------------------------------------------------------------
     0 | D:1      | TruthSerum the Troll Monk began the quest for the Orb.
     0 | D:1      | Reached XP level 1. HP: 22/22 MP: 0/0
    59 | D:1      | Reached XP level 2. HP: 13/29 MP: 1/1
   529 | D:2      | Reached XP level 3. HP: 36/36 MP: 2/2
   613 | D:2      | Noticed Terence
   617 | D:2      | Killed Terence
   633 | D:2      | Reached XP level 4. HP: 45/45 MP: 3/3
   768 | D:2      | Noticed Robin
   775 | D:2      | Killed Robin
  1486 | D:2      | Noticed Natasha
  1494 | D:2      | Killed Natasha
  1666 | D:2      | Noticed Natasha
  1673 | D:2      | Killed Natasha
  1673 | D:2      | Reached XP level 5. HP: 36/53 MP: 4/4
  1896 | D:2      | Noticed Natasha
  1904 | D:2      | Killed Natasha
  2031 | D:3      | Reached skill level 5 in Unarmed Combat
  2557 | D:4      | Noticed Sigmund
  2567 | D:4      | Killed Sigmund
  2567 | D:4      | Reached XP level 6. HP: 33/62 MP: 5/5
  2572 | D:4      | Noticed Eustachio
  2586 | D:4      | HP: 3/62 [river rat[Eustachio] (4)]
  2586 | D:4      | Slain by a shadow imp

Action                   |  1- 3 |  4- 6 || total
-------------------------+-------+-------++-------
Melee: Unarmed           |    60 |   152 ||   212
  Use: Scroll            |       |     6 ||     6
       Potion            |       |     1 ||     1
 Stab: Sleeping          |     2 |     1 ||     3
  Eat: Chunk             |    11 |    18 ||    29
